 Dungeon Crawl Stone Soup version 0.21.1-1-g345015f (webtiles) character file.

359 poirepourri the Chopper (level 6, -2/49 HPs)
             Began as a Formicid Fighter on July 6, 2018.
             Slain by an ogre
             ... wielding a +0 giant club
              (27 damage)
             ... on level 4 of the Dungeon.
             The game lasted 00:03:19 (3107 turns).

poirepourri the Chopper (Formicid Fighter)          Turns: 3107, Time: 00:03:20

Health: -2/49      AC:  7    Str: 21    XL:     6   Next: 97%
Magic:  6/6        EV:  7    Int:  7    God:
Gold:   150        SH: 11    Dex: 12    Spells: 5/5 levels left

rFire    . . .     SeeInvis +   a - +1 war axe
rCold    . . .     Gourm    .   c - +2 shield
rNeg     . . .     Faith    .   b - +1 scale mail
rPois    .         Spirit   .   (helmet unavailable)
rElec    .         Reflect  .   (no cloak)
rCorr    .         Harm     .   (no gloves)
MR       .....                  (no boots)
Stlth    +.........             (no amulet)
HPRegen  0.16/turn              (no ring)
MPRegen  0.10/turn              m - ring of stealth

@: no status effects
A: permanent stasis, dig shafts and tunnels, four strong arms, antennae 3
a: Dig, Shaft Self


You were on level 4 of the Dungeon.
You were not hungry.

You visited 1 branch of the dungeon, and saw 4 of its levels.

You collected 150 gold pieces.

Inventory:

Hand Weapons
 a - a +1 war axe (weapon)
Missiles
 g - 28 bolts
Armour
 b - a +1 scale mail (worn)
 c - a +2 shield (worn)
Jewellery
 h - a +2 ring of strength
 m - a ring of stealth (right hand)
Scrolls
 j - a scroll of amnesia
 k - 2 scrolls of identify
 l - a scroll of fear {unknown}
Potions
 d - a potion of might
 e - 2 potions of lignification
 i - 2 potions of curing
Comestibles
 f - a ration


   Skills:
 + Level 4.5 Fighting
 - Level 6.2 Axes
 - Level 3.2 Armour
 - Level 3.6 Shields


You had 5 spell levels left.
You didn't know any spells.

Dungeon Overview and Level Annotations

Branches:
Dungeon (4/15)
 Temple: D:4-7

Altars:


Innate Abilities, Weirdness & Mutations

You cannot be hasted, slowed, berserked, paralysed or teleported.
You can dig through walls and to a lower floor.
Your four strong arms can wield two-handed weapons with a shield.
You have a pair of large antennae on your head. (SInv)


Message History

Found a scroll of identify.
There is an open door here.
An ogre is nearby!
You hit the ogre.
The ogre is lightly wounded.
The ogre hits you with a giant club!
You slash the ogre!
The ogre is moderately wounded.
The ogre barely misses you.
You barely miss the ogre.
The ogre is moderately wounded.
The ogre hits you with a giant club!
You closely miss the ogre.
The ogre is moderately wounded.
You block the ogre's attack.
You hit the ogre.
The ogre is heavily wounded.
The ogre hits you with a giant club!!
Ouch! That really hurt!
You die...

#.#.#.... #.####.##
#......# #.# #....
#######...##.####.#######
.........................
..#####.#########.#######
................#.#
..######.###### #.#
###'###### #.# #..@O..?.#
#.####### #........#
#.##..... #........#
#.##..... ###.######
#.##..... #.# #..... ...
#..... ..# #..... ..#
######


You could see an ogre.

Vanquished Creatures
  The ghost of poxu the Digger, an amateur GrEE (D:3)
  A hound (D:4)
  An orc priest (D:3)
  2 orc wizards (D:3)
  4 adders
  2 oozes (D:3)
  A dart slug (D:3)
  3 leopard geckos (D:3)
  20 orcs
  A giant cockroach (D:3)
  11 goblins
  3 hobgoblins
  3 jackals (D:1)
  4 quokkas
  A ball python (D:3)
  A ball python skeleton (D:4)
  6 bats
  4 frilled lizards
  8 kobolds
77 creatures vanquished.

Notes
Turn   | Place    | Note
-------+----------+-------------------------------------------
     0 | D:1      | poirepourri the Formicid Fighter began the quest for the Orb.
     0 | D:1      | Reached XP level 1. HP: 18/18 MP: 1/1
   100 | D:1      | Reached XP level 2. HP: 16/24 MP: 2/2
   494 | D:1      | Reached skill level 3 in Axes
   990 | D:2      | Reached XP level 3. HP: 29/29 MP: 3/3
  1728 | D:3      | Reached skill level 4 in Axes
  1728 | D:3      | Reached XP level 4. HP: 35/35 MP: 4/4
  1782 | D:3      | Noticed poxu's ghost (amateur GrEE)
  1789 | D:3      | Killed poxu's ghost
  1789 | D:3      | Reached skill level 5 in Axes
  1789 | D:3      | Reached XP level 5. HP: 32/41 MP: 5/5
  1789 | D:3      | Reached XP level 6. HP: 37/47 MP: 6/6
  1861 | D:3      | Reached skill level 6 in Axes
  2211 | D:3      | Found a faded altar of an unknown god.
  3100 | D:4      | Noticed an ogre
  3107 | D:4      | Slain by an ogre

Skill      XL: |  1  2  3  4  5  6 |
---------------+-------------------+-----
Axes           | 3 4 5 6 |  6.2
Fighting       | 4 |  4.5
Armour         | |  3.2
Shields        | |  3.6

Action                   |  1- 3 |  4- 6 || total
-------------------------+-------+-------++-------
Melee: War axe           |    78 |   130 ||   208
  Use: Scroll            |    11 |     2 ||    13
  Eat: Ration            |     1 |     1 ||     2
Armor: Scale mail        |    46 |    46 ||    92
Dodge: Dodged            |    29 |    40 ||    69
Block: Shield            |    73 |    82 ||   155
